Cogmind - Beta 13 @@@ ROGUE MODE // 2024.07.28 @ 20:18:54 Player: Sgt. SmokeWeed Result: Self-destructed Performance ------------- Evolutions (2) 1000 Regions Visited (5) 1000 Robots Destroyed (14) 70 Value Destroyed (185) 185 Prototype IDs (24) 480 Alien Tech Used (0) 0 Bonus (300) 300 TOTAL SCORE: 3035 Bonus ------- Aligned with FarCom 300 Cogmind --------- Core Integrity 210/550 Matter 189/300 Energy 100/100 System Corruption 0% Temperature Cool (18) Movement Core (50) Location -8/Materials Parts ------- > --- POWER (1) -------- (None) > --- PROPULSION (2) --- (None) > --- UTILITY (4) ------ (None) > --- WEAPON (4) ------- (None) > --- INVENTORY (5) ---- Guided Plasma Cannon Heavy Explosive Trap Peak State ------------ > --- POWER ------------ Ion Engine > --- PROPULSION ------- Light Treads Light Treads > --- UTILITY ---------- Bomb Drone Bay > --- WEAPON ----------- Guided Plasma Cannon Assault Rifle Grenade Launcher > --- INVENTORY -------- Hammer Heavy Explosive Trap Heavy Explosive Trap [Rating: 27] Favorites ----------- Power Ion Engine Engine Ion Engine Propulsion Light Treads Treads Light Treads Utility Bomb Drone Bay Device Bomb Drone Bay Weapon Assault Rifle Energy Gun Medium Laser Energy Cannon Guided Plasma Cannon Ballistic Gun Assault Rifle Launcher Grenade Launcher Impact Weapon Hammer Build | -11 -10 -10 -10 -9 -8 ------- Run | Yrd Mat Min Exi Min Mat Slots Evolved 4 | . . . . . 4 Power . | . . . . . . Propulsion . | . . . . . . Utility 2 | . . . . . 2 Weapon 2 | . . . . . 2 Parts Attached 13 | 5 1 . . 1 6 Power 1 | 1 . . . . . Engine 1 | 1 . . . . . Core . | . . . . . . Reactor . | . . . . . . Propulsion 4 | 2 . . . . 2 Treads 4 | 2 . . . . 2 Leg . | . . . . . . Wheel . | . . . . . . Hover . | . . . . . . Flight . | . . . . . . Utility 1 | . . . . 1 . Device 1 | . . . . 1 . Storage . | . . . . . . Processor . | . . . . . . Hackware . | . . . . . . Protection . | . . . . . . Artifact . | . . . . . . Weapon 7 | 2 1 . . . 4 Energy Gun 1 | 1 . . . . . Energy Cannon 1 | . . . . . 1 Ballistic Gun 2 | 1 . . . . 1 Ballistic Cannon . | . . . . . . Launcher 2 | . 1 . . . 1 Special Weapon . | . . . . . . Impact Weapon 1 | . . . . . 1 Slashing Weapon . | . . . . . . Piercing Weapon . | . . . . . . Special Melee Weapon . | . . . . . . Unidentified Prototypes 1 | . . . . 1 . Parts Lost 10 | . . . . . 10 Power 1 | . . . . . 1 Propulsion 3 | . . . . . 3 Utility 1 | . . . . . 1 Weapon 5 | . . . . . 5 Highest Loss Streak 9 | . . . . . 9 To Critical Strikes . | . . . . . . Average Slot Usage (%) 72 | . 71 71 71 83 45 Engine 13 | . 14 14 14 14 7 Treads 26 | . 28 28 28 28 14 Device 4 | . . . . 12 7 Ballistic Gun 13 | . 14 14 14 14 7 Launcher 13 | . 12 14 14 14 7 Naked Turns 16 | . . . . . 16 Heaviest Build 28 | 9 10 10 10 18 28 Greatest Support 42 | 40 40 40 40 40 42 Greatest Overweight (x) 2 | 2 . . . . 2 Average Overweight (x) . | . . . . . . Largest Inventory Capacity 5 | 5 5 5 5 5 5 Average Capacity 5 | 5 5 5 5 5 5 Most Carried 5 | . . 3 4 4 5 Average Carried 2 | . . 1 3 4 3 Final Capacity 5 | 5 5 5 5 5 5 Final Carried 4 | . . 3 4 4 2 Class Distribution -------------------- 100% | Mutant Dominant Class ---------------- Mutant | -10/Materials Mutant | -10/Mines Mutant | -10/Exiles Mutant | -9/Mines Mutant | -8/Materials Resources | -11 -10 -10 -10 -9 -8 ----------- Run | Yrd Mat Min Exi Min Mat Matter Collected 322 | 250 48 13 . 10 1 Remotely . | . . . . . . Salvage Created 174 | . 59 16 . . 99 Parts 24 | . 7 9 . . 8 Haulers Intercepted . | . . . . . . Recyclers Shooed 1 | . . 1 . . . Parts Field Recycled . | . . . . . . Retrieved Matter . | . . . . . . Parts Self-Destructed . | . . . . . . Prevented . | . . . . . . Kills | -11 -10 -10 -10 -9 -8 ------- Run | Yrd Mat Min Exi Min Mat Combat Hostiles Destroyed 11 | . 6 3 . . 2 Guns 5 | . 3 . . . 2 AOE 6 | . 3 3 . . . Classes Destroyed 6 | . 1 1 . . 4 Worker 1 | . . . . . 1 Builder 1 | . . 1 . . . Watcher 1 | . . . . . 1 Swarmer 9 | . 6 3 . . . Cutter 1 | . . . . . 1 Grunt 1 | . . . . . 1 Best Kill Streak 6 | . 6 3 . . 1 Combat Bots Only 6 | . 6 3 . . 1 Max Kills in Single Turn 3 | . 3 3 . . 1 Gunslinging . | . . . . . . Exploded 3 | . 2 3 . . . Melee . | . . . . . . Uniques/NPCs Destroyed . | . . . . . . Combat | -11 -10 -10 -10 -9 -8 -------- Run | Yrd Mat Min Exi Min Mat Hostile Shots Fired 123 | . 22 4 . . 97 Missed 42 | . 6 . . . 36 Damage Taken 1526 | . 137 68 . . 1321 Core 392 | . 45 7 . . 340 Absorbed by Shields . | . . . . . . Core Remaining (%) 89 | 100 . . . 79 . Volleys Fired 24 | . 6 1 . . 17 Largest 3 | . 2 2 . . 3 Hottest 120 | . 50 50 . . 120 Shots Fired 31 | . 8 2 . . 21 Gun 22 | . 6 1 . . 15 Cannon 2 | . . . . . 2 Launcher 7 | . 2 1 . . 4 Special . | . . . . . . Kinetic 22 | . 6 1 . . 15 Thermal 2 | . . . . . 2 Explosive 7 | . 2 1 . . 4 Electromagnetic . | . . . . . . Robot Hit Streak 8 | . 4 1 . . 8 Robot Miss Streak 2 | . 2 1 . . 2 Penetration Max . | . . . . . . Secondary Targets . | . . . . . . Shots Hit Robots 23 | . 4 1 . . 18 Core Hits 22 | . 7 5 . . 10 Critical Kills . | . . . . . . Critical Parts Destroyed . | . . . . . . Critical Strikes . | . . . . . . Melee Attacks 1 | . . . . . 1 Impact 1 | . . . . . 1 Slashing . | . . . . . . Piercing . | . . . . . . Sneak Attacks . | . . . . . . Combat Hostiles . | . . . . . . Follow-up Attacks . | . . . . . . Damage Inflicted 941 | . 251 157 . . 533 Guns 290 | . 62 . . . 228 Cannons 74 | . . . . . 74 Explosions 552 | . 189 132 . . 231 Melee . | . . . . . . Ramming 25 | . . 25 . . . Kinetic 290 | . 62 . . . 228 Thermal 74 | . . . . . 74 Explosive 552 | . 189 132 . . 231 Electromagnetic . | . . . . . . Impact . | . . . . . . Slashing . | . . . . . . Piercing . | . . . . . . Highest Corruption . | . . . . . . Average Corruption . | . . . . . . Corruption Purged . | . . . . . . Corruption Blocked . | . . . . . . Overload Shots . | . . . . . . Overflow Damage 8 | . 6 . . . 2 Projectiles 2 | . . . . . 2 Explosions 6 | . 6 . . . . Melee . | . . . . . . Knockbacks 1 | . . 1 . . . Impact 1 | . . 1 . . . Kinetic . | . . . . . . Secondary . | . . . . . . Self-Inflicted Damage 38 | . . 38 . . . Shots 1 | . . 1 . . . Rammed 5 | . . 5 . . . Targets Rammed 6 | . . 6 . . . Kicked . | . . . . . . Crushed 1 | . . 1 . . . Highest Temperature 136 | . . . . . 136 Average Temperature 36 | . . . . . 36 Received Heat Transfer 387 | . . . . . 387 Siege Activations . | . . . . . . Robots Corrupted . | . . . . . . Combat Hostiles . | . . . . . . Parts Fried . | . . . . . . Impact Corruptions . | . . . . . . Robots Melted . | . . . . . . Combat Hostiles . | . . . . . . Parts Melted . | . . . . . . Heat Transferred 160 | . . . . . 160 Parts Sabotaged . | . . . . . . Parts Stolen . | . . . . . . Parts Stripped . | . . . . . . Power Chain Reactions . | . . . . . . Alert | -11 -10 -10 -10 -9 -8 ------- Run | Yrd Mat Min Exi Min Mat Peak Influence 152 | . 152 141 . . 73 Initial 58 | . . 58 . . . Average 21 | . 47 37 . . 13 Maximum Alert Level . | . . . . . . Low Security (%) 100 | 100 100 100 . 100 100 Level 1 . | . . . . . . Level 2 . | . . . . . . Level 3 . | . . . . . . Level 4 . | . . . . . . Level 5 . | . . . . . . High Security . | . . . . . . Max Security . | . . . . . . Squads Dispatched 4 | . . . . . 4 Investigation 1 | . . . . . 1 Extermination . | . . . . . . Reinforcement 3 | . . . . . 3 Assault . | . . . . . . Garrison . | . . . . . . Intercept . | . . . . . . Searches Triggered . | . . . . . . Construction Impeded . | . . . . . . Haulers Reinforced . | . . . . . . Active Scanning Responses . | . . . . . . Cargo Convoy Interrupts . | . . . . . . Stealth | -11 -10 -10 -10 -9 -8 --------- Run | Yrd Mat Min Exi Min Mat Distress Signals 2 | . . . . . 2 Communications Jammed . | . . . . . . Distress Signals . | . . . . . . Times Spotted 25 | . 6 3 . . 16 Peak Tracking Total 10 | . 7 3 . . 10 Tactical Retreats . | . . . . . . Traps | -11 -10 -10 -10 -9 -8 ------- Run | Yrd Mat Min Exi Min Mat Traps Triggered . | . . . . . . Indirectly . | . . . . . . Trap Hack Attempts . | . . . . . . Triggered . | . . . . . . Disarmed . | . . . . . . Reprogrammed . | . . . . . . Reused . | . . . . . . Traps Extracted . | . . . . . . Installed 1 | . . . . . 1 Triggered . | . . . . . . Most Traps Carried 2 | . . 2 2 2 2 Machines | -11 -10 -10 -10 -9 -8 ---------- Run | Yrd Mat Min Exi Min Mat Machines Disabled . | . . . . . . Max in Single Turn . | . . . . . . Machines Repaired . | . . . . . . Machines Dismantled . | . . . . . . Machines Sabotaged . | . . . . . . Overloaded Fab Kills . | . . . . . . Hacking | -11 -10 -10 -10 -9 -8 --------- Run | Yrd Mat Min Exi Min Mat Machines Accessed 4 | . 2 . 1 1 . Terminals 2 | . 2 . . . . Fabricators . | . . . . . . Repair Stations . | . . . . . . Recycling Units . | . . . . . . Scanalyzers . | . . . . . . Garrison Access . | . . . . . . Total Hacks 7 | . 5 . 1 1 . Successful 3 | . 1 . 1 1 . Failed 4 | . 4 . . . . Catastrophic 2 | . 2 . . . . Database Lockouts . | . . . . . . Manual 6 | . 5 . 1 . . Terminals 5 | . 5 . . . . Fabricators . | . . . . . . Repair Stations . | . . . . . . Recycling Units . | . . . . . . Scanalyzers . | . . . . . . Garrison Access . | . . . . . . Terminal Hacks 3 | . 1 . 1 1 . Open Door 1 | . . . . 1 . Branch Access Points 1 | . 1 . . . . Derelict Proto ID Bank 1 | . . . 1 . . Fabricator Hacks . | . . . . . . Repair Station Hacks . | . . . . . . Recycling Unit Hacks . | . . . . . . Scanalyzer . | . . . . . . Garrison Access Hacks . | . . . . . . Unauthorized Hacks . | . . . . . . Terminals . | . . . . . . Fabricators . | . . . . . . Repair Stations . | . . . . . . Recycling Units . | . . . . . . Scanalyzers . | . . . . . . Garrison Access . | . . . . . . Data Cores Recovered . | . . . . . . Used . | . . . . . . Hacking Detections 1 | . 1 . . . . Full Trace Events . | . . . . . . Feedback Events . | . . . . . . Feedback Blocked . | . . . . . . Robot Schematics Acquired . | . . . . . . Robots Built . | . . . . . . Authchips . | . . . . . . Time . | . . . . . . Total Robot Build Rating . | . . . . . . Part Schematics Acquired . | . . . . . . Parts Built . | . . . . . . Authchips . | . . . . . . Time . | . . . . . . Total Part Build Rating . | . . . . . . Parts Repaired . | . . . . . . Time . | . . . . . . Parts Recycled . | . . . . . . Recycled Matter . | . . . . . . Retrieved Matter . | . . . . . . Retrieved Components . | . . . . . . Parts Scanalyzed . | . . . . . . Part Schematics Acquired . | . . . . . . Parts Damaged . | . . . . . . Bothacking | -11 -10 -10 -10 -9 -8 ------------ Run | Yrd Mat Min Exi Min Mat Used RIF Installer . | . . . . . . Robots Hacked . | . . . . . . Non-combat . | . . . . . . Combat . | . . . . . . Robot Hacks Applied . | . . . . . . Relay Couplers Released . | . . . . . . Fabnet Peak Effective % . | . . . . . . Robots Rewired . | . . . . . . Allies Hacked . | . . . . . . Hacks Repelled . | . . . . . . Allies | -11 -10 -10 -10 -9 -8 -------- Run | Yrd Mat Min Exi Min Mat Total Allies 2 | . . 2 . . . Largest Group 2 | . . 2 2 . . Highest-Rated Group 47 | . . 47 47 . . Highest-Rated Ally 31 | . . 31 31 . . Total Orders 2 | . . . . . 2 EXPLORE 2 | . . . . . 2 Ally Attacks 16 | . . . . . 16 Total Damage . | . . . . . . Kills . | . . . . . . Allies Corrupted . | . . . . . . Allies Melted . | . . . . . . Intel | -11 -10 -10 -10 -9 -8 ------- Run | Yrd Mat Min Exi Min Mat Robot Analysis Total . | . . . . . . Derelict Logs Recovered 3 | . . 2 . 1 . Drone Launches 19 | . . . . . 19 Drone Recoveries 3 | . . . . . 3 Exploration | -11 -10 -10 -10 -9 -8 ------------- Run | Yrd Mat Min Exi Min Mat Turns Passed 2489 | 68 200 856 345 764 256 Spaces Moved 1475 | 47 116 514 216 477 105 Core 59 | 26 . . . . 33 Treads 1416 | 21 116 514 216 477 72 Legs . | . . . . . . Wheels . | . . . . . . Hover . | . . . . . . Flight . | . . . . . . Fastest Speed 50 | 50 160 160 160 160 50 Average Speed 156 | 131 160 160 160 160 126 Slowest Speed 160 | 160 160 160 160 160 160 Overloaded Moves . | . . . . . . Propulsion Burnouts . | . . . . . . Robots Hopped . | . . . . . . Cave-ins Triggered . | . . . . . . Exploration Rate (%) 51 | 5 32 86 60 80 44 Regions Visited 5 Branch Regions 3 Pre-discovered Areas 1 | . . 1 . . . Known Exits Taken 1 | . 1 . . . . Unknown Exits Taken 4 | 1 . 1 1 1 . Scrap Searched 2 | . . 1 . 1 . Spaces Dug . | . . . . . . Terrain Destroyed 21 | . 11 8 . . 2 Melee . | . . . . . . Projectile . | . . . . . . AOE 21 | . 11 8 . . 2 Terrain Rammed . | . . . . . . Walls Destroyed . | . . . . . . Machines Disabled . | . . . . . . Actions | -11 -10 -10 -10 -9 -8 --------- Run | Yrd Mat Min Exi Min Mat Total 1615 | 51 123 542 216 477 206 Wait 93 | . . 19 . . 74 Move 1470 | 46 115 513 215 476 105 Hop . | . . . . . . Pick Up 4 | . . 3 1 . . Fast Attach 9 | 5 1 . . 1 2 Attach 3 | . . . . . 3 Detach 1 | . . . . . 1 Swap 1 | . . . . . 1 Drop 2 | . 1 . . . 1 Fire 24 | . 6 1 . . 17 Melee 1 | . . . . . 1 Ram . | . . . . . . Kick . | . . . . . . Crush 6 | . . 6 . . . Escape Stasis . | . . . . . . Rewire . | . . . . . . Trap 1 | . . . . . 1 Miscellaneous . | . . . . . . Route ------- -11/Scrapyard -10/Materials -10/Mines (discovered 3 exits: [*Mat] / *Exi / Sub) -10/Exiles -9/Mines -8/Materials (discovered 1 exit: Fac) History --------- Turn | Location | Event 43 | -11/Scrapyard | Discovered new exit (range 12) 69 | -11/Scrapyard | Entered Materials 102 | -10/Materials | Identified exit to Mines 269 | -10/Materials | Entered Mines 270 | -10/Mines | Learned location of Storage (-9) 313 | -10/Mines | Build established: Mutant 404 | -10/Mines | Learned 4 Materials zone layouts 586 | -10/Mines | Identified exit to Subcaves 810 | -10/Mines | Found a hidden stash of uninstalled traps 901 | -10/Mines | Discovered new exit (range 5) 1114 | -10/Mines | Deemed a non-threat by the Exiles lab entrance 1115 | -10/Mines | Discovered new exit (range 5) 1125 | -10/Mines | Entered Exiles 1125 | -10/Exiles | Accompanied by 2 allies 1155 | -10/Exiles | Led the pair of lost Derelicts to a safe place 1169 | -10/Exiles | Met 8R-AWN 1194 | -10/Exiles | Met EX-HEX 1239 | -10/Exiles | Met EX-BIN 1258 | -10/Exiles | Aligned with FarCom system 1260 | -10/Exiles | Given EX-Vault access code 1297 | -10/Exiles | Opened EX-Vault 1317 | -10/Exiles | Found Gui. Plasma Cannon 1354 | -10/Exiles | Warned to stay clear of 0b10 Research branches 1400 | -10/Exiles | Met EX-DEC 1458 | -10/Exiles | Discovered new exit (range 10) 1470 | -10/Exiles | Left Exiles lab with Gui. Plasma Cannon 1470 | -10/Exiles | Entered Mines 1517 | -9/Mines | Learned Materials terminal intel 1532 | -9/Mines | Found the Drone Emporium 1539 | -9/Mines | Found Prototype Device 1539 | -9/Mines | Identified Bomb Drone Bay 1843 | -9/Mines | A weapon hastily lodged in a ceiling crevice suddenly fell to the ground 2221 | -9/Mines | Discovered new exit (range 6) 2234 | -9/Mines | Entered Materials 2234 | -8/Materials | Evolved 4 slots: Utility x2, Weapon x2 2235 | -8/Materials | Identified exit to Factory 2236 | -8/Materials | Loaded intel: 12 terminal locations 2299 | -8/Materials | Lost 4 allies 2485 | -8/Materials | Core integrity fell below 50% 2488 | -8/Materials | Lost 9 parts (1p3n1u4w) 2490 | -8/Materials | Self-destructed Last Messages --------------- Critical hit (Burn: +37). K-01 Serf collects debris. The unstable cave ceiling collapses. Dropped Heavy Explosive Trap. Installed Heavy Explosive Trap. Adv. Treads destroyed. The unstable cave ceiling collapses. M-13 Machinist repairs Heat Sink. Lgt. Treads destroyed. Critical hit (Burn: +37). Hammer destroyed. Ion Engine destroyed. Acquired 1 matter. Connecting with Terminal... Current location identified: Materials Acquired Hpw. Shotgun. Critical hit (Burn: +37). Electrolysis Chamber disabled. G-47 Trooper destroyed. Hpw. Shotgun destroyed. Map ----- +----------------------------------------------------+ | % #### | | ################ ### # # ## | | #??????????????## # # | | #??????????????# ##### # # | | #??????????????# " #### # # = | | ##########?????# " ## ## # / = | | #???### # ## ] / | | ##??## ### % | | #??## ## [[= | | #?## ### [ | | """"" #?# # = | | """"" #?## % # [ | | """"" #??# ## # #### | | #??# w# ## ## ## #??? | | #########??# #### ### ### #?# #??? | | ???????????## ######### #?### % "### #??? | | ????????????# # """ ## #??# # ! ^ # #### | | ????????????# + """ ## #??###### ! = # | | ????????????# % # """ ## #??????#"# % # | | ????????????# # ## ????? + # | | ????????????# # #? #????### # [ / | | ????????????# # +? ??????#" # # #### | | ????????????# ##?#######+#####???# ##+###"# ###? | | ????????????# #????# g #???# #?# ## | | ????????????# #????# g ##### ### | | ????????????# #????# @ %gYH m Y T | | ########????# #????# !sg ########+### | | #????# #????# "" ""#?????? ?# ## | | """ #????# ##???# """ T"#?????? | ?###+###? | | """"" #????# ???# """ ""#????? #???????? | | """"" #????# ???# #?????"" #???????? | | """"" #????# ???###########????""" #???????? | | """ #????# ??????????????????""" #???????? | | #????# ?????????????????#######???????? | | #????# ???????????????????????????????? | | #????# ##???????????????????????????????? | | #+########### #????????????????????????????????? | | #????????????????????????????????? | | #????????????????????????????????? | | #????????????????????????????????? | | ?????????????????????????????????????????????????? | | ?????????????????????????????????????????????????? | | ?????????????????????????????????????????????????? | | ?????????????????????????????????????????????????? | | ?????????????????????????????????????????????????? | | ?????????????????????????????????????????????????? | | ?????????????????????????????????????????????????? | | ?????????????????????????????????????????????????? | | ?????????????????????????????????????????????????? | | ?????????????????????????????????????????????????? | +----------------------------------------------------+ Best States ------------- Heat Dissipation 31 Energy Generation 10 Energy Capacity 250 Matter Stores 300 Matter Capacity 300 Sight Range 16 Terrain Scan Density 10 Evasion (%) 50 Recoil Reduction 2 Item Schematics ----------------- None Robot Schematics ------------------ None Fabricated ------------ Nothing Alien Tech Used ----------------- None Achievements -------------- None Challenges ------------ None Game ------ Seed LongswordKineticSword Manual? 0 Play Time 00:12:47 Cumulative 52.5 hours Start 2024.07.28 @ 20:09:10 End 2024.07.28 @ 20:18:54 Sessions 1 Manual Loads 0 Difficulty Rogue Special Mode None Game No. 120 Rogue 50 Adventurer 70 Explorer 0 Win Type - Total 0 Types 0/0/0/0/0/0/0/0/0 Lore% 34 Gallery% 38 Achievement% 31 Wizard Run 0 Options --------- Layout 0 ASCII 0 Keyboard 0 Movement Mouse Keybinds 0 Fullscreen 1 Font 24/Smallcaps Map View 76x50 Zoom Use 0% Tactical HUD 0 Map Filters NONE Filters NONE Steam 1 RUN: 059ef3cd-4475-4b20-a020-a69efe930edb